 Dungeon Crawl Stone Soup version 0.27-a0-364-g31b3477d74 (webtiles) character file.

Game seed: 17309669691846298721

86926 kae the Brawler (level 15, -9/169 HPs)
             Began as a Red Draconian Transmuter on Feb 16, 2021.
             Was a High Priest of Ru.
             Mangled by a sun demon (18 damage)
             ... summoned by an orc high priest
             ... on level 2 of the Orcish Mines.
             The game lasted 00:22:59 (32532 turns).

kae the Brawler (Red Draconian Transmuter)         Turns: 32532, Time: 00:23:00

Health: -9/169     AC:  8    Str: 15    XL:     15   Next: 42%
Magic:  29/29      EV: 15    Int: 14    God:    Ru [*****.]
Gold:   2633       SH:  0    Dex: 11    Spells: 7/34 levels left

rFire    . . .     SeeInvis .     - Unarmed
rCold    . . .     Faith    .   (shield currently unavailable)
rNeg     . . .     Spirit   .   (armour unavailable)
rPois    +         Reflect  .   (helmet currently unavailable)
rElec    .         Harm     .   (cloak currently unavailable)
rCorr    +         Rampage  .   (gloves currently unavailable)
Will     +....                  (boots currently unavailable)
Stlth    ..........             F - amulet of regeneration
HPRegen  1.38/turn              e - ring of resist corrosion
MPRegen  0.21/turn              m - +4 ring of evasion

@: hydra-form, no potions
A: very large, (breathe fire), unfitting armour, dopey 1, weak 1, inability to
drink while threatened, no stealth, inability to use devices, AC +9
a: End Transformation, Renounce Religion, Draw Out Power, Power Leap, Apocalypse


You were on level 2 of the Orcish Mines.
You worshipped Ru.
Ru was extremely pleased with you.
You were a five-headed hydra.
You visited 4 branches of the dungeon, and saw 24 of its levels.

You collected 2633 gold pieces.

Inventory:

Armour
 f - a +0 pair of boots (melded)
 r - a +2 cloak of stealth (melded)
 t - a +0 pair of gloves (melded)
Jewellery
 e - a ring of resist corrosion (left foreclaw)
 i - a ring of ice
 m - a +4 ring of evasion (right foreclaw)
 p - the amulet "Anorhyrr" {Spirit Dex+4}
   (You found it on level 5 of the Dungeon)

   [amulet of guardian spirit]

   It causes incoming damage to be split between your health and magic.
   It affects your dexterity (+4).
 q - a ring of willpower {unknown}
 x - a +4 ring of protection {unknown}
 F - an amulet of regeneration (around neck)
 I - a ring of willpower {unknown}
 J - an amulet of faith
Scrolls
 d - 3 scrolls of blinking
 h - 3 scrolls of enchant weapon
 k - 7 scrolls of teleportation
 w - 4 scrolls of fear
 y - 6 scrolls of amnesia
 B - 4 scrolls of enchant armour
 C - a scroll of identify
 D - 3 scrolls of magic mapping
 G - a scroll of fog
Potions
 a - 4 potions of lignification
 b - 4 potions of heal wounds
 c - 2 potions of might
 g - 9 potions of curing
 j - 4 potions of attraction
 l - 2 potions of flight
 n - 2 potions of ambrosia
 o - a potion of magic
 s - 2 potions of mutation
 u - a potion of cancellation
 v - 2 potions of berserk rage
 z - 2 potions of resistance {unknown}
 A - 2 potions of brilliance
 E - 3 potions of haste
 H - 3 potions of invisibility


   Skills:
 - Level 11.2 Fighting
 - Level 10.0 Dodging
 - Level 15.0 Unarmed Combat
 - Level 10.0 Spellcasting
 * Level 14.1 Transmutations
 - Level 3.0 Ice Magic
 - Level 3.6 Poison Magic


You had 7 spell levels left.
You knew the following spells:

 Your Spells              Type           Power        Failure   Level
a - Beastly Appendage     Tmut           92%          1%          1
b - Spider Form           Tmut/Pois      15%          1%          3
c - Ice Form              Ice/Tmut       30%          3%          4
d - Blade Hands           Tmut           23%          1%          5
e - Hydra Form            Tmut           23%          4%          6
f - Swiftness             Air            7%           16%         2
g - Statue Form           Tmut/Erth      17%          65%         6

Your spell library contained the following spells:

 Spells                   Type           Power        Failure   Level
 Passwall                 Tmut/Erth      21%          1%          2
 Wereblood                Tmut           46%          1%          2
 Ensorcelled Hibernation  Hex/Ice        22%          9%          2
 Corona                   Hex            7%           11%         1
 Shock                    Conj/Air       28%          11%         1
 Irradiate                Conj/Tmut      13%          16%         5
 Dragon Form              Tmut           23%          26%         7
 Confusing Touch          Hex            7%           30%         3
 Dazzling Flash           Conj/Hex       14%          30%         3
 Static Discharge         Conj/Air       7%           30%         3
 Tukima's Dance           Hex            7%           30%         3
 Airstrike                Air            3%           71%         4
 Lightning Bolt           Conj/Air       3%           96%         5


Dungeon Overview and Level Annotations

Branches:
Dungeon (15/15)            Temple (1/1) D:7            Lair (6/6) D:8
 Shoals (0/4) Lair:4       Spider (0/4) Lair:4        Slime (0/5) Lair:5
    Orc (2/2) D:9          Vaults (0/5) D:13         Depths (0/5) D:15
    Elf: Orc:2

Altars:
Ashenzari
Cheibriados
Dithmenos
Elyvilon
Fedhas
Gozag
Hepliaklqana
Kikubaaqudgha
Makhleb
Nemelex Xobeh
Okawaru
Qazlal
Ru
Sif Muna
Trog
Uskayaw
Vehumet
Wu Jian
Xom
Yredelemnul
Zin
The Shining One
Jiyva

Shops:
D:4 (   D:14 *   D:15 !(=(

Portals:
Abyss: Lair:2

Annotations:
Lair:2 2 transporters, wakim's ghost, journeyman OpTm


Innate Abilities, Weirdness & Mutations

((You can breathe blasts of fire.))
((Your fiery red scales are hard. (AC +9)))
You cannot fit into any form of body armour.
You are dopey. (Int -2)
((Your flesh is heat resistant. (rF+)))
((You are cold-blooded and may be slowed by cold attacks.))
You cannot drink potions while threatened.
You cannot be stealthy.
You cannot study or use magical devices.
You are weak. (Str -2)


Message History

You barely miss something. You bite the orc!
You devour the orc!
You feel better.
You kill the orc!
The soul eater draws from the surrounding life force!
The soul eater is healed.
Something barely misses you. The sun demon hits you.
You are engulfed in flames!
The sixfirhy barely misses you.
An orc comes into view. It is wielding a +0 club.
You miss something.
You gouge the orc warrior!!
You gouge the sun demon!!
You barely miss the sixfirhy. The sixfirhy closely misses you.
The sixfirhy hits you. The sixfirhy shocks you!
The orc priest begins to pray, but is stunned by your conviction!
You redirect the orc priest's attack!
You bite the sixfirhy!
The sixfirhy is moderately wounded.
You closely miss the orc high priest. You bite something!
You devour something!
It tastes like orc.
You feel better.
Reactivating autopickup.
You feel a bit more experienced.
You nip at the soul eater but do no damage.
You bite the sun demon! The sixfirhy closely misses you. x2
The sun demon hits you!
You are engulfed in flames!
You focus your inner power and blind the sun demon in retribution!
The sixfirhy hits you! The sixfirhy shocks you!
* * * LOW HITPOINT WARNING * * *
You focus your inner power and blind the sixfirhy in retribution!
The orc priest looks braver for a moment.
The neqoxec begins to attack, but is stunned by your conviction!
The orc high priest hits you with a +0 scimitar!
* * * LOW HITPOINT WARNING * * *
You're too confused to move!
You feel less confused.
The sixfirhy is stunned by your conviction and fails to attack.
The sixfirhy hits you.
* * * LOW HITPOINT WARNING * * *
The sixfirhy shocks you!
* * * LOW HITPOINT WARNING * * *
The sun demon hits you!
* * * LOW HITPOINT WARNING * * *
You are engulfed in flames!!
You die... ..# ..# oo#

#.. #o# #..# #o. #..#
#o# #..# #{# #
######..#######3###.###.
..........ooooo3D.......
...........o3oo3o)......
........<..o..[4........
............)...$.......
.......#................
...................$....
...........<............
....................#...
.....................


You could see a soul eater (summoned), 3 orc high priests, a sun demon
(summoned, blind), a sixfirhy (summoned, blind), a neqoxec (summoned), a chaos
spawn (summoned), an orc warrior, 4 orc priests and 7 orcs.

Vanquished Creatures
  Jorgrun (D:14)
  Roxanne (D:14)
  Louise (D:14)
  A fire giant (D:15)
  A frost giant (shapeshifter) (D:13)
  Nessos (D:14)
  Azrael (Orc:2)
  A fire dragon (Lair:6)
  Josephine (D:14)
  3 boulder beetles
  9 hydras
  Fannar (Lair:2)
  Harold (D:8)
  2 centaur warriors
  A catoblepas (Lair:6)
  3 two-headed ogres
  4 orc high priests
  9 death yaks
  Urug (Lair:6)
  Nergalle (Lair:2)
  5 skeletal warriors (D:13)
  2 unseen horrors (D:15)
  A swamp dragon (Lair:6)
  An orc knight (D:15)
  A lindwurm (Lair:6)
  2 orc sorcerers
  3 manticores
  4 ugly things
  An oklob plant (Lair:1)
  6 black mambas
  5 elephants
  A torpor snail (Lair:6)
  3 gargoyles
  11 cane toads
  18 komodo dragons
  5 rime drakes (Lair:6)
  A polar bear (Lair:6)
  4 trolls
  17 blink frogs
  A hornet (D:8)
  8 dream sheep (Lair:6)
  2 meliai zombies
  Sigmund (D:3)
  2 vampires
  2 tarantellas (shapeshifter)
  5 wraiths
  A yak (shapeshifter) (D:13)
  7 wyverns
  Grum (Lair:1)
  2 basilisks
  50 yaks
  4 fire elementals (Orc:2)
  3 acid dragons
  A soldier ant (D:15)
  8 wargs
  15 water moccasins
  4 hell hounds (Orc:2)
  3 swamp drakes (Lair:6)
  4 sky beasts
  20 orc warriors
  A necrophage (D:14)
  4 ice beasts
  5 ogres
  2 black bears
  25 wolves
  3 centaurs
  4 phantoms
  3 kobold brigands
  Blork the orc (D:6)
  24 bullfrogs
  5 scorpions
  4 electric eels (Lair:5)
  10 wights
  5 howler monkeys
  2 bullfrog zombies
  2 quasits
  5 centaur zombies
  5 centaur skeletons
  4 hounds
  5 jellies
  Crazy Yiuf (D:5)
  26 orc priests
  4 bullfrog skeletons
  16 worker ants
  13 iguanas
  18 orc wizards
  2 killer bee zombies
  A hound zombie (D:9)
  A howler monkey zombie (D:7)
  4 gnolls (D:5)
  12 adders
  2 shadow imps
  3 white imps
  6 ufetubi
  5 worms
  The ghost of namelastname112 the Sneak, a weakling DrDe (D:6)
  2 dart slugs (D:1)
  13 leopard geckos
  85 orcs
  A ball python (D:1)
  6 bats
  12 giant cockroaches
  7 goblins
  7 hobgoblins
  4 jackals (D:3)
  5 quokkas
  6 frilled lizards
  A giant cockroach zombie (D:6)
  28 kobolds
  7 rats
  2 bushes (Lair:1)
699 creatures vanquished.

Vanquished Creatures (others)
  A yak (Lair:1)
  A water moccasin (Lair:2)
  An ogre (D:13)
  An orc wizard (D:13)
  71 fungi
  91 plants
166 creatures vanquished.

Grand Total: 865 creatures vanquished

Notes
Turn   | Place    | Note
-------+----------+-------------------------------------------
     0 | D:1      | kae the Draconian Transmuter began the quest for the Orb.
     0 | D:1      | Reached XP level 1. HP: 16/16 MP: 3/3
   282 | D:1      | Found a shimmering altar of Xom.
   758 | D:1      | Reached XP level 2. HP: 16/23 MP: 3/5
  1550 | D:2      | Reached XP level 3. HP: 26/26 MP: 4/6
  1554 | D:2      | Learned a level 3 spell: Spider Form
  1993 | D:2      | Reached XP level 4. HP: 36/36 MP: 5/7
  2860 | D:3      | Reached skill level 1 in Poison Magic
  3090 | D:3      | Reached XP level 5. HP: 29/41 MP: 5/8
  3205 | D:3      | Found a shadowy altar of Dithmenos.
  3472 | D:3      | Reached skill level 4 in Unarmed Combat
  3830 | D:3      | Found a sparkling altar of Nemelex Xobeh.
  3916 | D:3      | Noticed Sigmund
  3945 | D:3      | Killed Sigmund
  3946 | D:3      | Reached XP level 6. HP: 49/50 MP: 6/10
  4275 | D:4      | Your scales start taking on a fiery red colour.
  4275 | D:4      | Reached XP level 7. HP: 56/56 MP: 8/11
  4275 | D:4      | Gained mutation: Your flesh is heat resistant. (rF+) [Red
                  | Draconian growth]
  4316 | D:4      | Found Merigag's Antique Weapon Emporium.
  4390 | D:4      | Reached skill level 5 in Unarmed Combat
  5472 | D:5      | Entered Level 5 of the Dungeon
  5510 | D:5      | Reached skill level 5 in Transmutations
  5870 | D:4      | Reached XP level 8. HP: 56/66 MP: 6/13
  6333 | D:5      | Got a wavering garnet amulet
  6472 | D:5      | Reached skill level 6 in Unarmed Combat
  6571 | D:5      | HP: 3/66 [poisoned by a gnoll]
  7114 | D:5      | Found a runed translucent door.
  7115 | D:5      | Noticed Crazy Yiuf
  7128 | D:5      | Killed Crazy Yiuf
  7259 | D:6      | Learned a level 5 spell: Blade Hands
  7264 | D:6      | Learned a level 4 spell: Ice Form
  7271 | D:6      | Identified the amulet "Anorhyrr" {Spirit Dex+4} (You found
                  | it on level 5 of the Dungeon)
  7752 | D:6      | Noticed Blork the orc
  7771 | D:6      | Killed Blork the orc
  8056 | D:6      | Paralysed by a wight for 5 turns
  8096 | D:6      | Reached XP level 9. HP: 72/72 MP: 15/15
  8169 | D:6      | Found a runed translucent door.
  8169 | D:6      | Noticed namelastname112's ghost (weakling DrDe)
  8377 | D:6      | Killed namelastname112's ghost
  8441 | D:7      | Found a staircase to the Ecumenical Temple.
  8478 | Temple   | Entered the Ecumenical Temple
  8920 | Temple   | Became a worshipper of Ru the Awakened
  9286 | D:7      | Reached skill level 7 in Unarmed Combat
  9608 | D:7      | Reached skill level 1 in Ice Magic
  9793 | D:7      | Reached skill level 5 in Fighting
 10768 | D:8      | Gained mutation: You are dopey. (Int -2) [Ru sacrifice]
 11436 | D:8      | Noticed Harold
 11453 | D:8      | Killed Harold
 11454 | D:8      | Reached skill level 5 in Dodging
 11454 | D:8      | Reached skill level 8 in Unarmed Combat
 11454 | D:8      | Reached skill level 5 in Spellcasting
 11454 | D:8      | Reached XP level 10. HP: 30/82 MP: 5/17
 12286 | D:8      | Found a staircase to the Lair.
 13940 | D:9      | Found a staircase to the Orcish Mines.
 14625 | D:9      | Gained mutation: You cannot drink potions while threatened.
                  | [Ru sacrifice]
 14625 | D:9      | Reached * piety under Ru
 14625 | D:9      | Reached ** piety under Ru
 14670 | D:10     | Entered Level 10 of the Dungeon
 15101 | D:10     | Reached skill level 9 in Unarmed Combat
 16381 | D:11     | Reached XP level 11. HP: 91/91 MP: 14/19
 17498 | D:11     | Noticed a red ugly thing
 17509 | D:11     | Killed a red ugly thing
 17768 | D:11     | Noticed a six-headed hydra
 17775 | D:11     | Killed a six-headed hydra
 18243 | D:8      | Gained mutation: You cannot study or use magical devices.
                  | [Ru sacrifice]
 18243 | D:8      | Reached *** piety under Ru
 18243 | D:8      | Reached **** piety under Ru
 18246 | Lair:1   | Entered Level 1 of the Lair of Beasts
 18347 | Lair:1   | Noticed an oklob plant
 18769 | Lair:1   | Reached skill level 10 in Unarmed Combat
 19195 | Lair:1   | Noticed Grum
 19243 | Lair:1   | Killed Grum
 19824 | Lair:1   | Killed an oklob plant
 19825 | Lair:1   | Reached skill level 10 in Transmutations
 20504 | Lair:2   | Reached XP level 12. HP: 56/101 MP: 16/22
 20812 | Lair:2   | Noticed a six-headed hydra
 20831 | Lair:2   | Killed a six-headed hydra
 21092 | Lair:2   | Identified the +5 rapier of Hacking and Slashing {distort,
                  | Dex+3}
 21100 | Lair:2   | Noticed a five-headed hydra
 21104 | Lair:2   | Noticed wakim's ghost (journeyman OpTm)
 21121 | Lair:2   | Killed a five-headed hydra
 21177 | Lair:2   | Found a transporter.
 21193 | Lair:2   | Found a transporter.
 21196 | Lair:2   | Found a one-way gate to the infinite horrors of the Abyss.
 21200 | Lair:2   | Noticed Fannar
 21214 | Lair:2   | Killed Fannar
 21430 | Lair:2   | Noticed Nergalle
 21438 | Lair:2   | Killed Nergalle
 22143 | Lair:3   | Reached skill level 11 in Unarmed Combat
 22602 | Lair:3   | Noticed a seven-headed hydra
 22613 | Lair:3   | Killed a seven-headed hydra
 23386 | Lair:4   | Found a hole to the Spider Nest.
 23387 | Lair:4   | Noticed a five-headed hydra
 23402 | Lair:4   | Killed a five-headed hydra
 23473 | Lair:4   | Found a staircase to the Shoals.
 24055 | Lair:5   | Noticed a seven-headed hydra
 24063 | Lair:5   | Killed a seven-headed hydra
 24366 | Lair:5   | Reached XP level 13. HP: 111/111 MP: 24/24
 24885 | Lair:5   | Reached skill level 12 in Unarmed Combat
 24964 | Lair:5   | Found a staircase to the Slime Pits.
 24964 | Lair:5   | Found a viscous altar of Jiyva.
 25245 | Lair:6   | Entered Level 6 of the Lair of Beasts
 25668 | Lair:6   | Reached skill level 10 in Fighting
 25746 | Lair:6   | Reached skill level 13 in Unarmed Combat
 25755 | Lair:6   | Gained mutation: You cannot be stealthy. [Ru sacrifice]
 25755 | Lair:6   | Reached ***** piety under Ru
 25931 | Lair:6   | Found the +10 morningstar "Eos" {elec, Halo rElec}
 26058 | Lair:6   | Noticed Urug
 26067 | Lair:6   | Killed Urug
 26151 | Lair:6   | Reached XP level 14. HP: 109/121 MP: 19/27
 27334 | Lair:6   | Identified a scroll of acquirement
 27334 | Lair:6   | Acquired 771 gold pieces
 27704 | D:12     | You fall into a shaft and drop 3 floors!
 27704 | D:15     | Entered Level 15 of the Dungeon
 27715 | D:15     | Found Miebluan's Antique Weapon Boutique.
 27728 | D:15     | Noticed a fire giant
 27747 | D:15     | Killed a fire giant
 27764 | D:15     | Found Nontol's Jewellery Emporium.
 27856 | D:15     | Found Peboopsaseip's Antique Weapon Shoppe.
 27885 | D:15     | Found a staircase to the Depths.
 28094 | D:15     | Reached skill level 14 in Unarmed Combat
 28323 | D:15     | Found Casydaukh's Distillery.
 28419 | D:14     | Noticed Nessos
 28423 | D:14     | Noticed Louise
 28468 | D:14     | Killed Nessos
 28494 | D:14     | Identified Roxanne's Handbook of Shape Shifting
 28494 | D:14     | Noticed Roxanne
 28510 | D:14     | Killed Louise
 28708 | D:14     | Killed Roxanne
 28765 | D:14     | Learned a level 6 spell: Hydra Form
 28785 | D:14     | Noticed Josephine
 28788 | D:14     | Noticed Jorgrun
 28793 | D:14     | Killed Josephine
 28807 | D:14     | Killed Jorgrun
 28886 | D:14     | Learned a level 2 spell: Swiftness
 28893 | D:14     | Learned a level 6 spell: Statue Form
 29399 | D:14     | Found a shimmering blue altar of Sif Muna.
 29521 | D:14     | Found Paclilig's General Store.
 29687 | D:13     | Reached XP level 15. HP: 78/130 MP: 24/28
 29701 | D:13     | Reached skill level 10 in Spellcasting
 29876 | D:13     | Noticed a frost giant
 29876 | D:13     | an eleionoma changed into a frost giant
 29882 | D:13     | Killed a frost giant
 30135 | D:13     | Found a gate to the Vaults.
 30605 | D:13     | Found a blossoming altar of Fedhas.
 30946 | D:12     | Reached skill level 10 in Dodging
 31953 | Orc:1    | Entered Level 1 of the Orcish Mines
 32344 | Orc:2    | Entered Level 2 of the Orcish Mines
 32358 | Orc:2    | Noticed Azrael
 32366 | Orc:2    | Reached skill level 15 in Unarmed Combat
 32372 | Orc:2    | Killed Azrael
 32512 | Orc:2    | Gained mutation: You are weak. (Str -2) [a neqoxec]
 32532 | Orc:2    | Mangled by a sun demon

Illustrated notes

Levels and vault maps discovered:
D:1:      nzn_arrival_depleted_hourglass, layout_basic, xom_teletrap_fun
D:2:      layout_loops_corners, serial_forest, infiniplex_forest_3_way,
          infiniplex_forest_lined_3, infiniplex_forest_pool,
          infiniplex_forest_clump_large, infiniplex_forest_end_2,
          infiniplex_forest_clump_cross, infiniplex_forest_clump_small,
          infiniplex_forest_straight_5
D:3:      layout_basic, nicolae_dithmenos_shadow_blocks,
          nemelex_diamond_rough_becter, uniq_sigmund
D:4:      layout_rooms, serial_shops, shop, small_statue_intersection
D:5:      layout_loops_ring, gup_sewer_entry_bowl, st_stairs_3,
          uniq_crazy_yiuf_cottage
D:6:      layout_loops_ring, ebering_ghost_reflecting_pool, uniq_blork_the_orc
D:7:      layout_basic, minmay_temple_entry_glass
D:8:      layout_cave_pods, due_lair_maze_entry_diamond, minmay_lizard_king,
          uniq_harold
D:9:      layout_basic, erik_orc_4
D:10:     layout_basic, interstate_on_off
D:11:     layout_basic
D:12:     layout_stronghold, hangedman_abyss_or_decor_clamps
D:13:     layout_basic, david_vaults_2, grunt_ministairs_12,
          minmay_misc_feat_four_crosses, fedhas_altar_fruit_tree
D:14:     layout_basic, lemuel_coloured_pillars_altar, serial_shops,
          kennysheep_little_box, uniq_jorgrun, uniq_louise, uniq_roxanne,
          uniq_nessos, uniq_josephine
D:15:     grunt_enter_depths_giant_problem, layout_basic, serial_shops,
          nicolae_shop_stone, shop, shop,
          nicolae_shop_competitors_out_of_business
Temple:   kilobyte_greek_temple
Lair:1:   layout_chaotic_city, minmay_lair_oklob_bushes, st_stairs_12, uniq_grum
Lair:2:   layout_small_grid, gammafunk_ghost_abyssal_escape, uniq_fannar,
          uniq_nergalle
Lair:3:   layout_chaotic_city, serial_bayou_shore_a
Lair:4:   layout_regular_city, shoals_dummy_entry,
          nicolae_spider_entry_non_spiders, grunt_megastairs_5,
          infiniplex_staircase_pool
Lair:5:   layout_cave_pods, slime_altar_1, serial_bayou_lake_a
Lair:6:   guppyfry_lair_end_dragon, layout_long_grid, hangedman_lair_in_review,
          uniq_urug
Orc:1:    layout_caves, library_closet, minmay_shop_mass, lemuel_statue_altar
Orc:2:    st_orc_town, layout_caves, uniq_azrael

Skill      XL: |  1  2  3  4  5  6  7  8  9 10 11 12 13 14 15 |
---------------+----------------------------------------------+-----
Dodging        | 2 3 4 5 6 7 8 9 10 | 10.0
Poison Magic   | 1 2 3 |  3.6
Fighting       | 2 3 4 5 6 7 9 10 11 | 11.2
Transmutations | 3 4 5 6 7 8 10 11 12 13 14 | 14.1
Unarmed Combat | 4 5 6 8 9 10 11 13 14 15 | 15.0
Spellcasting   | 3 4 5 6 7 9 10 | 10.0
Ice Magic      | 2 3 |  3.0

Action                   |  1- 3 |  4- 6 |  7- 9 | 10-12 | 13-15 || total
-------------------------+-------+-------+-------+-------+-------++-------
Melee: Unarmed           |    87 |   181 |   458 |   641 |   759 ||  2126
       Kick              |    14 |    20 |       |       |       ||    34
       Tailslap          |    12 |    15 |    15 |    25 |    49 ||   116
       Headbutt          |     6 |    11 |       |       |       ||    17
       Punch             |       |       |       |    11 |    32 ||    43
 Cast: Beastly Appendage |    19 |    21 |       |       |       ||    40
       Spider Form       |       |     4 |    54 |       |       ||    58
       Blade Hands       |       |       |     1 |     7 |    74 ||    82
       Ice Form          |       |       |     1 |    75 |    11 ||    87
       Hydra Form        |       |       |       |       |     5 ||     5
Invok: Sacrifice Purity  |       |       |     1 |       |       ||     1
       Sacrifice Drink   |       |       |       |     1 |       ||     1
       Sacrifice Artific |       |       |       |     1 |       ||     1
       Sacrifice Stealth |       |       |       |       |     1 ||     1
       Reject Sacrifices |       |       |       |       |     1 ||     1
 Abil: Breathe Fire      |       |       |     8 |    12 |     8 ||    28
       End Transformatio |       |       |     2 |     1 |       ||     3
  Use: Scroll            |     5 |     3 |     8 |     4 |    13 ||    33
       Potion            |       |       |     3 |       |     1 ||     4
 Stab: Distracted        |       |       |     1 |     1 |     4 ||     6
       Sleeping          |       |       |     1 |       |       ||     1
       Invisible         |       |       |       |     4 |    11 ||    15
       Paralysed         |       |       |       |     2 |     3 ||     5
       Petrified         |       |       |       |       |     6 ||     6
Armor: Skin              |    26 |    41 |    48 |   128 |   130 ||   373
Dodge: Dodged            |    68 |   126 |   423 |   342 |   555 ||  1514

Table legend: (Time is in decaauts)
 A = Elapsed time spent in this place.
 B = Non-inter-level travel time spent in this place.
 C = Inter-level travel time spent in this place.
 D = Time resting spent in this place.
 E = Time spent auto-exploring this place.
 F = Levels seen in this place.
 G = Mean time per level.
                   A        B        C        D        E       F      G
               +--------+--------+--------+--------+--------+-----+--------+
         Total |  32290 |  31156 |   1134 |    961 |  25656 |  24 | 1345.4 |
       Dungeon |  22088 |  21303 |    785 |    699 |  17649 |  15 | 1472.5 |
        Temple |    480 |    443 |     37 |      0 |    432 |   1 |  480.0 |
          Lair |   9171 |   8874 |    297 |    244 |   7204 |   6 | 1528.5 |
  Orcish Mines |    548 |    533 |     15 |     18 |    370 |   2 |  274.0 |
               +--------+--------+--------+--------+--------+-----+--------+

Top non-repeatable levels by time:
     D:8: 2363 daAuts
  Lair:2: 2193 daAuts
     D:7: 2169 daAuts
  Lair:6: 2113 daAuts
    D:11: 2099 daAuts
  Lair:1: 1674 daAuts
    D:10: 1574 daAuts
     D:3: 1512 daAuts
     D:4: 1480 daAuts
     D:5: 1428 daAuts
     D:1: 1424 daAuts
     D:2: 1385 daAuts
     D:6: 1340 daAuts
    D:13: 1256 daAuts
  Lair:5: 1246 daAuts
